 Dungeon Crawl Stone Soup version 0.21.1 (webtiles) character file.

126 Santangelo the Sneak (level 4, 0/23 HPs)
             Began as a Spriggan Assassin on Feb 3, 2018.
             Was an Initiate of Gozag.
             Slain by an orc
             ... wielding a +0 whip
              (3 damage)
             ... on level 2 of the Dungeon.
             The game lasted 00:27:23 (2087 turns).

Santangelo the Sneak (Spriggan Assassin)            Turns: 2087, Time: 00:27:23

Health: 0/23       AC:  3    Str:  7    XL:     4   Next: 83%
Magic:  5/5        EV: 17    Int: 12    God:    Gozag
Gold:   85         SH:  0    Dex: 18    Spells: 3/3 levels left

rFire    . . .     SeeInvis +   c - +2 short sword (speed)
rCold    . . .     Gourm    .   (shield restricted)
rNeg     + . .     Faith    .   o - +0 robe
rPois    .         Spirit   .   (helmet restricted)
rElec    .         Reflect  .   d - +0 cloak
rCorr    .         Harm     .   (gloves unavailable)
MR       +....                  (boots unavailable)
Stlth    ++++......             (no amulet)
HPRegen  0.07/turn              l - ring of protection from magic
MPRegen  0.09/turn              n - ring of positive energy

@: gold aura, very quick
A: very small, unfitting armour, see invisible, herbivore, speed 3, slow
metabolism 2
a: Potion Petition, Call Merchant, Bribe Branch, Renounce Religion


You were on level 2 of the Dungeon.
You worshipped Gozag.
Gozag was noncommittal.
You were not hungry.

You visited 1 branch of the dungeon, and saw 3 of its levels.

You collected 95 gold pieces.
You paid 10 gold pieces to Gozag.

Inventory:

Hand Weapons
 c - a +2 short sword of speed (weapon)
 x - a +0 blowgun
Missiles
 e - 5 poisoned needles
 f - 2 curare-tipped needles
Armour
 d - a +0 cloak (worn)
 o - a +0 robe (worn)
Jewellery
 l - a ring of protection from magic (left hand)
 n - a ring of positive energy (right hand)
Scrolls
 b - 2 scrolls of identify
 k - a scroll of fear {unknown}
 m - a scroll of enchant armour
Potions
 a - a potion of might
 h - 2 potions of curing
 i - 2 potions of brilliance {unknown}
 j - a potion of heal wounds {unknown}
 p - a potion of degeneration {unknown}
Comestibles
 g - 4 rations


   Skills:
 + Level 2.2 Fighting
 + Level 2.6 Short Blades
 + Level 3.5 Throwing
 + Level 1.6 Dodging
 + Level 7.2 Stealth


You had 3 spell levels left.
You didn't know any spells.

Dungeon Overview and Level Annotations

Branches:
Dungeon (3/15)

Altars:
Gozag
Hepliaklqana
Nemelex Xobeh
Trog
Xom


Innate Abilities, Weirdness & Mutations

You are very small and have problems with some larger weapons.
You are too small for most types of armour.
You have supernaturally acute eyesight. (SInv)
You are a herbivore.
You cover ground extremely quickly.
You need consume almost no food.


Message History

The orc is no longer distracted by gold.
There is a stone staircase leading up here.
The orc hits you with a whip. The orc hits you with a hand axe.
You climb upwards.
There is a stone staircase leading down here.
You hit the orc.
The orc is severely wounded.
The orc completely misses you.
You hit the orc.
The orc is almost dead.
The orc hits you with a hand axe!
* * * LOW HITPOINT WARNING * * *
You hit the orc but do no damage.
The orc is almost dead.
The orc closely misses you.
You closely miss the orc.
The orc is almost dead.
The orc barely misses you. The orc hits you with a whip.
You die...
Your body crumbles into a pile of gold.

#####.......# #.....#....
#...##.....#####.##....###
#.#####...##.....###.#.#
#.######.#######.......#
#.##.....# #####.###
#.##.#.### #.# #.##.#.#
#.# #......#############)#
#.##.#.#.@o........<.#
#.##.#.#o############# ##
#.##.(...# ##. #.####.###
#.. #......# #.. ########
#.. #.. #.# #.#


You could see 2 orcs.

Vanquished Creatures
  An orc priest (D:3)
  Terence (D:2)
  A gnoll (D:1)
  2 adders (D:2)
  A worm (D:2)
  A dart slug (D:1)
  A leopard gecko (D:2)
  An orc (D:3)
  5 bats
  3 giant cockroaches (D:2)
  5 goblins
  4 hobgoblins (D:1)
  5 frilled lizards
  5 kobolds
  5 rats
41 creatures vanquished.

Notes
Turn   | Place    | Note
-------+----------+-------------------------------------------
     0 | D:1      | Santangelo the Spriggan Assassin began the quest for the Orb.
     0 | D:1      | Reached XP level 1. HP: 10/10 MP: 2/2
   119 | D:1      | Reached skill level 6 in Stealth
   271 | D:1      | Reached XP level 2. HP: 5/14 MP: 3/3
   749 | D:1      | Reached XP level 3. HP: 14/18 MP: 4/4
  1014 | D:2      | Found a hazy altar of Hepliaklqana.
  1016 | D:2      | Noticed Terence
  1256 | D:2      | Found an opulent altar of Gozag.
  1269 | D:2      | Found a shimmering altar of Xom.
  1286 | D:2      | Found a bloodstained altar of Trog.
  1390 | D:2      | Became a worshipper of Gozag Ym Sagoz the Greedy
  1444 | D:2      | Killed Terence
  1444 | D:2      | Reached XP level 4. HP: 23/23 MP: 5/5
  1892 | D:2      | Reached skill level 7 in Stealth
  1999 | D:2      | Found a sparkling altar of Nemelex Xobeh.
  2087 | D:2      | Slain by an orc

Skill      XL: |  1  2  3  4 |
---------------+-------------+-----
Stealth        | 6 7 |  7.2
Throwing       | 3 |  3.5
Fighting       | 2 |  2.2
Short Blades   | |  2.6
Dodging        | |  1.6

Action                   |  1- 3 |  4- 6 || total
-------------------------+-------+-------++-------
Melee: Dagger            |     6 |       ||     6
       Short sword       |    37 |    31 ||    68
 Fire: Blowgun           |    48 |     5 ||    53
Invok: Potion Petition   |     1 |       ||     1
  Use: Scroll            |     4 |       ||     4
       Potion            |     1 |       ||     1
 Stab: Sleeping          |     6 |     2 ||     8
       Invisible         |     1 |       ||     1
Armor: Robe              |     4 |     1 ||     5
Dodge: Dodged            |    39 |    16 ||    55
